 Dungeon Crawl Stone Soup version 0.22-a0-128-gfbf05e55df (webtiles) character file.

2123 morbho the Distorting Demonspawn (level 9, -2/69 HPs)
             Began as a Demonspawn Abyssal Knight on Jan 31, 2018.
             Was a Believer of Lugonu.
             Slain by an orc warrior
             ... wielding a +2 halberd of venom
              (23 damage)
             ... on level 7 of the Dungeon.
             The game lasted 00:19:31 (10259 turns).

morbho the Distorting Demonspawn (DsAK)            Turns: 10259, Time: 00:19:32

Health: -2/69      AC:  9    Str: 12 (15) XL:     9   Next: 8%
Magic:  16/16      EV:  9    Int: 14      God:    Lugonu [**....]
Gold:   351        SH:  4    Dex: 12 (13) Spells: 8/8 levels left

rFire    . . .     SeeInvis +   a - +2 mace
rCold    . . .     Gourm    .   (no shield)
rNeg     . . .     Faith    .   m - +1 scale mail
rPois    .         Spirit   .   x - +1 hat
rElec    +         Reflect  .   (no cloak)
rCorr    .         Harm     .   (no gloves)
MR       .....                  (no boots)
Stlth    ..........             (no amulet)
HPRegen  0.21/turn              e - ring of see invisible
MPRegen  0.15/turn              (no ring)

@: lethally poisoned (-2 -> -4)
A: horns 2, large bone plates 1, demonic guardian 1, deterioration 1,
electricity resistance
a: Depart the Abyss, Bend Space, Renounce Religion


You were on level 7 of the Dungeon.
You worshipped Lugonu.
Lugonu was pleased with you.
You were not hungry.

You visited 1 branch of the dungeon, and saw 7 of its levels.
You visited the Abyss 1 time.
You also visited: Sewer.

You collected 351 gold pieces.

Inventory:

Hand Weapons
 a - a +2 mace (weapon)
 v - a -3 whip
Armour
 b - a +0 leather armour
 m - a +1 scale mail (worn)
 x - a +1 hat (worn)
Jewellery
 e - a ring of see invisible (left hand)
Wands
 h - a wand of random effects (19)
 y - a wand of disintegration (25)
Scrolls
 d - 2 scrolls of remove curse
 f - 8 scrolls of teleportation
 i - 2 scrolls of blinking
 j - 4 scrolls of fear
 l - 2 scrolls of magic mapping
 n - 8 scrolls of identify
 q - 2 scrolls of enchant weapon
 r - a scroll of amnesia
 s - 3 scrolls of immolation
Potions
 t - 5 potions of flight
Books
 p - a book of Alchemy

   Spells                             Type                      Level
   a - Sublimation of Blood           Necromancy                   2
   b - Ignite Poison                  Fire/Transmutation/Poison    3
   c - Petrify                        Transmutation/Earth          4
   d - Alistair's Intoxication        Transmutation/Poison         5
   e - Irradiate                      Conjuration/Transmutation    5
Comestibles
 c - 9 rations


   Skills:
 + Level 5.7 Fighting
 * Level 6.5 Maces & Flails
 + Level 4.7 Armour
 - Level 0.8 Dodging
 * Level 9.4 Invocations


You had 8 spell levels left.
You didn't know any spells.

Dungeon Overview and Level Annotations

Branches:
Dungeon (7/15)             Temple (0/1) D:7

Altars:
Ashenzari
Dithmenos
Elyvilon
Gozag
Hepliaklqana
Makhleb
Nemelex Xobeh
Qazlal
Uskayaw
Vehumet

Annotations:
Abyss:1 Dowan


Innate Abilities, Weirdness & Mutations

You have a pair of horns on your head.
You are partially covered in large bone plates. (SH +4)
A weak demonic guardian rushes to your aid.
Your body sometimes deteriorates upon taking damage.
You are resistant to electric shocks. (rElec)


Message History

Your ufetubus hits the orc warrior but does no damage.
Your ufetubus barely misses the orc warrior.
Okay, then.
You feel better.
The orc warrior hits you from afar with a halberd of venom.
You are poisoned.
You feel sick.
You feel sick.
You feel sick.
Your ufetubus hits the orc.
The orc dies!
Lugonu accepts your kill.
You feel sick. You block the orc warrior's attack.
Your ufetubus barely misses the orc warrior.
Your ufetubus closely misses the orc warrior.
You closely miss the orc warrior.
You feel sick.
Your ufetubus hits the orc warrior but does no damage. x2
The orc priest looks braver for a moment.
The orc warrior hits you with a halberd of venom!!
You die...

##.# .>..... #..#
...... #.## ....
##.†### #####
#.##o.### ....##
##.##....##
###..###5o##..5..#
#....##.###...o.##
##.....#.#
##...@.#
#......§##
#.....##
#......o.#
##.....#
##.....).##
##....##
##.......# ##....#
##......# ##...# #
##.....# ##.##
####......# ###
o....#.#...#


You could see an orc warrior, an orc priest and a friendly ufetubus.

Vanquished Creatures
  A hippogriff (D:7)
  Eustachio (D:4)
  Duvessa (D:5)
  2 ice beasts
  3 sky beasts
  A phantom (D:6)
  A bullfrog (D:7)
  3 scorpions
  A crimson imp (D:7)
  A bullfrog zombie (D:6)
  A centaur zombie (D:7)
  2 hounds
  2 orc wizards
  2 bullfrog skeletons
  4 worker ants
  A killer bee zombie (D:5)
  A hound zombie (D:6)
  A worker ant zombie (D:6)
  12 gnolls
  4 adders
  A river rat (D:4)
  2 oozes (Sewer)
  9 worms
  The ghost of Vakaro the Sneak, a weakling SpEn (D:4)
  4 leopard geckos
  12 orcs
  3 giant cockroaches
  9 goblins
  9 hobgoblins
  11 jackals
  8 kobolds
  5 ball pythons
  12 bats
  6 frilled lizards
  A leopard gecko skeleton (D:4)
  A leopard gecko zombie (D:7)
  4 rats
143 creatures vanquished.

Vanquished Creatures (collateral kills)
  A centaur (D:7)
  2 crimson imps
  An iguana (D:6)
  A worker ant (D:7)
  A hound zombie (D:5)
  2 gnolls
  An adder (D:7)
  An orc (D:7)
10 creatures vanquished.

Vanquished Creatures (others)
  An ice beast (D:7)
  An ogre (D:5)
  A worker ant (D:7)
3 creatures vanquished.

Grand Total: 156 creatures vanquished

Notes
Turn   | Place    | Note
-------+----------+-------------------------------------------
     0 | Abyss:1  | morbho the Demonspawn Abyssal Knight began the quest for the Orb.
     0 | Abyss:1  | Reached XP level 1. HP: 18/18 MP: 2/2
    77 | Abyss:1  | Noticed a tentacled starspawn
    78 | Abyss:1  | Noticed a blizzard demon
   100 | Abyss:1  | Noticed a neqoxec
   101 | D:1      | Escaped the Abyss
   228 | D:1      | Gained mutation: You are partially covered in large bone plates. (SH +4) [demonic ancestry]
   228 | D:1      | Reached XP level 2. HP: 15/24 MP: 4/4
   539 | D:1      | Reached * piety under Lugonu
   554 | D:1      | Reached skill level 3 in Invocations
  1001 | D:2      | Found a shattered altar of Ashenzari.
  1002 | D:2      | Found a sparkling altar of Nemelex Xobeh.
  1002 | D:2      | Found a stormy altar of Qazlal.
  1297 | D:2      | Found an opulent altar of Gozag.
  1365 | D:2      | Gained mutation: You have a pair of small horns on your head. [potion of mutation]
  1365 | D:2      | Gained mutation: Your body sometimes deteriorates upon taking damage. [potion of mutation]
  1365 | D:2      | Gained mutation: You are resistant to electric shocks. (rElec) [potion of mutation]
  1369 | D:2      | Reached XP level 3. HP: 20/29 MP: 5/5
  1712 | D:2      | Reached XP level 4. HP: 35/35 MP: 6/6
  2022 | D:2      | Reached skill level 4 in Invocations
  2092 | D:2      | Found a sparkling altar of Nemelex Xobeh.
  2437 | D:2      | Reached ** piety under Lugonu
  2608 | D:3      | Found a radiant altar of Vehumet.
  2974 | D:3      | Found a hazy altar of Hepliaklqana.
  3051 | D:3      | Found a burning altar of Makhleb.
  3168 | D:3      | Gained mutation: A weak demonic guardian rushes to your aid. [demonic ancestry]
  3168 | D:3      | Reached XP level 5. HP: 23/42 MP: 8/8
  3788 | D:4      | Found a glowing drain.
  3792 | Sewer    | Entered a sewer
  3962 | Sewer    | Reached skill level 5 in Invocations
  4521 | Sewer    | Mutation became permanent: You have a pair of small horns on your head. [demonic ancestry]
  4521 | Sewer    | Gained mutation: You have a pair of small horns on your head. [demonic ancestry]
  4521 | Sewer    | Reached XP level 6. HP: 34/48 MP: 9/9
  4953 | D:4      | Noticed Vakaro's ghost (weakling SpEn)
  4990 | D:4      | Killed Vakaro's ghost
  5001 | D:4      | Found a white marble altar of Elyvilon.
  5247 | D:4      | Reached *** piety under Lugonu
  5338 | D:4      | Found a shadowy altar of Dithmenos.
  5904 | D:4      | Noticed Eustachio
  5976 | D:4      | Killed Eustachio
  5976 | D:4      | Reached skill level 6 in Invocations
  5976 | D:4      | Reached XP level 7. HP: 17/54 MP: 11/11
  6167 | D:5      | Entered Level 5 of the Dungeon
  6956 | D:5      | Found a hide-covered altar of Uskayaw.
  6985 | D:5      | Noticed Dowan
  6986 | D:5      | Noticed Duvessa
  7032 | D:5      | Killed Duvessa
  7033 | D:5      | Banished Dowan
  7169 | D:5      | Reached skill level 7 in Invocations
  7311 | D:5      | Reached skill level 5 in Maces & Flails
  7444 | D:5      | Reached XP level 8. HP: 46/61 MP: 13/13
  7793 | D:6      | Reached skill level 5 in Fighting
  7934 | D:6      | Reached skill level 8 in Invocations
  9363 | D:7      | Found a staircase to the Ecumenical Temple.
  9377 | D:7      | Noticed a hippogriff
  9394 | D:7      | Killed a hippogriff
  9394 | D:7      | Reached skill level 9 in Invocations
  9710 | D:7      | Gained mutation: You have a pair of horns on your head. [demonic ancestry]
  9710 | D:7      | Reached XP level 9. HP: 38/68 MP: 15/15
 10259 | D:7      | Slain by an orc warrior

Vault maps used:
D:1:      lemuel_arrival_funnel
D:2:      chequers_temple_overflow_statue_of_worship,
          nemelex_xobeh_ov_fountains_minmay
D:3:      lemuel_coloured_pillars_altar, overflow_temple_1_default,
          makhleb_blood_cavern_becter, minmay_item_behind_shaft,
          minmay_misc_feat_rows
D:4:      kennysheep_mini, elyvilon_altar_1, gup_sewer_entry_spiral,
          uniq_eustachio
D:5:      old_standard_altar, first_ration, uniq_duvessa
D:7:      minmay_temple_entry_grid
Sewer:    sewer_fruit_machine

Skill      XL: |  1  2  3  4  5  6  7  8 |
---------------+-------------------------+-----
Maces & Flails | 2 3 4 5 6 |  6.5
Invocations    | 3 4 5 6 7 9 |  9.4
Armour         | 2 3 4 |  4.7
Fighting       | 4 5 |  5.7
Dodging        | |  0.8

Action                   |  1- 3 |  4- 6 |  7- 9 || total
-------------------------+-------+-------+-------++-------
Melee: Mace              |    66 |   335 |   311 ||   712
       Headbutt          |     2 |    44 |    54 ||   100
Invok: Depart the Abyss  |     1 |       |       ||     1
       Bend Space        |       |     1 |     2 ||     3
       Banish            |       |       |     5 ||     5
Evoke: Wand              |       |     1 |       ||     1
  Use: Potion            |     6 |     7 |     4 ||    17
       Scroll            |       |     7 |     4 ||    11
 Stab: Invisible         |       |     3 |       ||     3
  Eat: Chunk             |     1 |     8 |    10 ||    19
       Ration            |     1 |     1 |     2 ||     4
Armor: Leather armour    |    15 |     2 |       ||    17
       Skin              |     9 |       |       ||     9
       Scale mail        |       |   160 |   145 ||   305
Dodge: Dodged            |    40 |   180 |   147 ||   367
Block: Other             |    16 |    73 |    61 ||   150

Table legend:
 A = Spawn XP
 B = Non-spawn XP
 C = Spawn XP percentage of total XP
 D = Spawn monster count
 E = Non-spawn monster count
 F = Spawn count percentage of total count
 G = Total turns spent on level
                    A         B        C        D         E        F      G
               +---------+---------+-------+---------+---------+-------+---------
         Total |       0 |    3033 |   0.0 |       0 |     157 |   0.0 | 10259
               +---------+---------+-------+---------+---------+-------+---------
           D:1 |       0 |      75 |   0.0 |       0 |      19 |   0.0 |  1461
           D:2 |       0 |      75 |   0.0 |       0 |      26 |   0.0 |   929
           D:3 |       0 |      91 |   0.0 |       0 |      16 |   0.0 |   955
           D:4 |       0 |     470 |   0.0 |       0 |      18 |   0.0 |  2125
           D:5 |       0 |     690 |   0.0 |       0 |      18 |   0.0 |   905
           D:6 |       0 |     712 |   0.0 |       0 |      18 |   0.0 |  1579
           D:7 |       0 |     862 |   0.0 |       0 |      19 |   0.0 |  1098
         Sewer |       0 |      58 |   0.0 |       0 |      23 |   0.0 |  1106
               +---------+---------+-------+---------+---------+-------+---------
